 Dungeon Crawl Stone Soup version 0.30-a0-919-g9323dee000 (webtiles) character file.

Game seed: 13107476876417399216

18104 EiAlmux the Thaumaturge (level 12, -9/90 HPs)
             Began as a Djinni Fire Elementalist on Mar 21, 2023.
             Was a High Priest of Makhleb.
             Mangled by a komodo dragon (12 damage)
             ... while petrified by a basilisk
             ... on level 3 of the Lair of Beasts.
             The game lasted 00:31:46 (11870 turns).

EiAlmux the Thaumaturge (Djinni Fire Elementalist) Turns: 11870, Time: 00:31:46

Health: -9/90      AC: 11    Str:  7    XL:     12   Next: 91%
Gold:   828        EV:  2    Int: 24    God:    Makhleb [*****.] SH:  0 Dex: 15

rFire   + + .      SeeInvis .    g - +1 dagger (venom)
rCold   x . .      Faith    .    (no shield)
rNeg    + + +      Spirit   .    E - +1 steam dragon scales
rPois   ∞          Reflect  .    t - +2 helmet {Int+3}
rElec   .          Rampage  .    (no cloak)
rCorr   .                        l - +1 pair of gloves
Will    +....                    (boots unavailable)
Stlth   +++                      (no amulet)
HPRegen 0.35/turn                c - +5 ring of evasion
MPRegen 0.00/turn                F - +5 ring of evasion

@: petrified, flying
A: sickness immunity, fire resistance 2, cold vulnerability 1, float, innate
caster, HP casting, extra vitality 1
a: Renounce Religion, Minor Destruction, Lesser Servant of Makhleb, Major
Destruction, Greater Servant of Makhleb


You were on level 3 of the Lair of Beasts.
You worshipped Makhleb.
Makhleb was extremely pleased with you.
You visited 3 branches of the dungeon, and saw 14 of its levels.
You also visited: Sewer.

You collected 828 gold pieces.

Inventory:

Hand Weapons
 d - a +0 short sword
 g - a +1 dagger of venom (weapon)
Armour
 a - a +0 robe
 l - a +1 pair of gloves (worn)
 t - a +2 helmet of intelligence (worn)
 v - the +1 robe of the Endless Expanse {Dex+4}
   (You found it on level 9 of the Dungeon)

   Dex:       It affects your dexterity (+4).
 E - +1 steam dragon scales (worn)
Magical Staves
 e - a staff of death
Jewellery
 c - a +5 ring of evasion (left hand)
 F - a +5 ring of evasion (right hand)
 G - a +6 ring of dexterity
Wands
 j - a wand of flame (50)
 p - a wand of iceblast (8)
 H - a wand of polymorph (6)
 N - a wand of mindburst (5)
Scrolls
 h - 5 scrolls of teleportation
 o - 6 scrolls of poison
 s - 2 scrolls of blinking
 u - 2 scrolls of fear {unknown}
 w - 2 scrolls of vulnerability
 x - 2 scrolls of noise {unknown}
 y - a scroll of summoning
 A - a scroll of fog {unknown}
 C - 2 scrolls of amnesia {unknown}
 I - a scroll of immolation {unknown}
Potions
 b - 4 potions of lignification
 f - 2 potions of heal wounds
 i - a potion of ambrosia {unknown}
 k - 4 potions of magic
 m - 2 potions of invisibility
 n - 6 potions of curing
 q - a potion of might {unknown}
 r - 4 potions of haste
 z - 2 potions of brilliance {unknown}
 B - 2 potions of degeneration {unknown}
 D - 5 potions of mutation
 J - 3 potions of flight {unknown}
 K - 2 potions of attraction {unknown}
 L - a potion of cancellation {unknown}


   Skills:
 + Level 9.6 Fighting
 + Level 10.8 Dodging
 - Level 5.0 Stealth
 * Level 10.9 Spellcasting
 - Level 4.0 Invocations


You knew the following spells:

 Your Spells              Type           Power      Damage    Failure   Level
a - Frozen Ramparts       Ice            100%       1d16      1%          3
b - Vampiric Draining     Necr           60%        2d10      1%          3
c - Inner Flame           Hex/Fire       60%        N/A       1%          3
d - Flame Wave            Conj/Fire      60%        2d14      1%          4
e - Kindle Blastsparks    Fire/Tloc/Air  100%       2d18      1%          3
f - Summon Small Mammal   Summ           100%       N/A       1%          1
g - Momentum Strike       Conj/Tloc      100%       3d10      1%          2
h - Foxfire               Conj/Fire      100%       2x1d9     1%          1
i - Scorch                Fire           100%       2d10      1%          2
j - Summon Lightning Spi  Summ/Air       60%        N/A       1%          4
Your spell library was empty.

Dungeon Overview and Level Annotations

Branches:
Dungeon (10/15)            Temple (1/1) D:6            Lair (3/5) D:8
  Snake (0/4) Lair:2          Orc (0/2) D:10          Sewer (visited)
  Swamp: Lair:2-3    Shoals: Lair:2-3

Altars:
Ashenzari
Cheibriados
Dithmenos
Elyvilon
Fedhas
Gozag
Hepliaklqana
Makhleb
Nemelex Xobeh
Okawaru
Qazlal
Ru
Trog
Uskayaw
Wu Jian
Xom
Yredelemnul
Zin
The Shining One
Lugonu

Annotations:
D:7 2 transporters


Innate Abilities, Weirdness & Mutations

You are immune to sickness and miasma.
You are immune to poison.
Your flesh is very heat resistant. (rF++)
You are vulnerable to cold. (rC-)
You float through the air rather than walking.
You learn spells naturally, not from books.
Your magical power is your life essence.
You have superior vitality. (+4 MHP)


Message History

The wall freezes the six-headed hydra!
The six-headed hydra seems to slow down.
The six-headed hydra bites you. x3
The six-headed hydra bites you but does no damage.
The six-headed hydra bites you!
The six-headed hydra bites you but does no damage.
The wall freezes the komodo dragon!
The komodo dragon seems to slow down.
The wall freezes the six-headed hydra.
The six-headed hydra seems to slow down.
The six-headed hydra completely misses you.
The six-headed hydra bites you but does no damage.
The six-headed hydra bites you!
The six-headed hydra bites you but does no damage.
The six-headed hydra bites you. The six-headed hydra bites you!
The wall freezes the komodo dragon!
The komodo dragon seems to slow down.
The komodo dragon bites you!
* * * LOW HITPOINT WARNING * * *
The wall freezes the six-headed hydra!
The six-headed hydra bites you.
* * * LOW HITPOINT WARNING * * *
The six-headed hydra bites you but does no damage. x2
The six-headed hydra bites you!
* * * LOW HITPOINT WARNING * * *
The six-headed hydra bites you!
* * * LOW HITPOINT WARNING * * *
The six-headed hydra bites you but does no damage.
The wall freezes the komodo dragon!
The komodo dragon seems to slow down.
The komodo dragon bites you.
* * * LOW HITPOINT WARNING * * *
The frozen ramparts melt away.
The six-headed hydra bites you.
* * * LOW HITPOINT WARNING * * *
The six-headed hydra bites you.
* * * LOW HITPOINT WARNING * * *
The six-headed hydra bites you.
* * * LOW HITPOINT WARNING * * *
The six-headed hydra bites you!
* * * LOW HITPOINT WARNING * * *
The six-headed hydra barely misses you.
The six-headed hydra bites you but does no damage.
The komodo dragon bites you!!
You die...

.. #. #.~≈≈≈≈≈≈≈~.
...###..# #.~≈≈≈≈~≈≈~~
.P#.... ##~≈≈≈~~.~~≈.
...... P~~≈≈.>~~≈~~ #..?##
##~~≈≈~.~≈≈≈.
#....#####~.~≈≈~~≈≈≈~~
#..##.#P#..~~~≈~≈≈~~.
##..l#.......~~~≈~~~..
#..†D@.######..†~~..##
.Y.......#..#.##.##..P#P.##
....##..P†.................
P## ##.P.#..##.##...####P.
#........ ##...# ###
##....###. #....# ##.#..
.#...## #...## ..... .....#


You could see a six-headed hydra (slow) and a komodo dragon (slow).

Vanquished Creatures
  A skeletal warrior (D:10)
  A cyclops (D:10)
  Joseph (D:10)
  A torpor snail (Lair:2)
  Maggie (D:6)
  3 cane toads
  An unseen horror (D:10)
  A rime drake (Lair:2)
  2 kobold demonologists
  5 komodo dragons
  2 trolls
  16 blink frogs (Lair:1)
  A shadow (D:10)
  A vampire (D:10)
  15 yaks
  2 steam dragons
  A basilisk (Lair:3)
  8 water moccasins
  An acid dragon (D:10)
  4 orc warriors
  4 black bears
  2 sky beasts
  5 wolves (Lair:2)
  2 centaurs (D:10)
  A kobold brigand (D:7)
  2 phantoms
  Blork the orc (D:5)
  8 bullfrogs
  2 scorpions (D:8)
  A gnoll sergeant (D:10)
  9 wights
  13 killer bees
  A howler monkey (D:10)
  5 hounds
  7 orc priests
  4 sleepcaps
  5 iguanas
  9 orc wizards
  Robin (D:4)
  3 gnolls (D:7)
  13 adders
  5 river rats (Sewer)
  2 ufetubi
  4 worms
  2 dart slugs
  30 orcs
  10 endoplasms
  7 giant cockroaches
  15 goblins
  14 hobgoblins
  8 jackals
  9 kobolds
  5 quokkas
  12 ball pythons
  5 bats
  7 frilled lizards
  36 rats
337 creatures vanquished.

Vanquished Creatures (collateral kills)
  2 skeletal warriors (D:10)
  A yak (Lair:3)
3 creatures vanquished.

Vanquished Creatures (others)
  15 foxfires (D:1)
  10 fungi
  10 plants
35 creatures vanquished.

Grand Total: 375 creatures vanquished

Notes
Turn   | Place    | Note
-------+----------+-------------------------------------------
     0 | D:1      | EiAlmux the Djinni Fire Elementalist began the quest for
                  | the Orb.
     0 | D:1      | EiAlmux set off with the following spells memorised:
                  | Foxfire, Scorch, Kindle Blastsparks, Inner Flame, Flame
                  | Wave.
     0 | D:1      | Reached XP level 1. HP: 15/15 MP: 0/0
   101 | D:1      | Reached XP level 2. HP: 22/22 MP: 0/0
   303 | D:1      | Reached XP level 3. HP: 18/26 MP: 0/0
   303 | D:1      | Learned a level 1 spell: Summon Small Mammal
   525 | D:1      | Reached skill level 1 in Fighting
   821 | D:2      | Found a sacrificial altar of Ru.
  1000 | D:2      | Reached XP level 4. HP: 30/32 MP: 0/0
  1683 | D:3      | Found a faded altar of an unknown god.
  1759 | D:3      | Reached XP level 5. HP: 28/37 MP: 0/0
  1759 | D:3      | Learned a level 2 spell: Momentum Strike
  1966 | D:3      | Found a large runed translucent door.
  1967 | D:3      | Found a large runed translucent door.
  2017 | D:3      | Found a bloodstained altar of Trog.
  2031 | D:3      | Noticed a black bear
  2034 | D:3      | Killed a black bear
  2035 | D:3      | Reached XP level 6. HP: 37/43 MP: 0/0
  2462 | D:3      | Found a broken altar of Ashenzari.
  2473 | D:3      | Found a sparkling altar of Nemelex Xobeh.
  2707 | D:4      | Found an opulent altar of Gozag.
  2828 | D:4      | Found a burning altar of Makhleb.
  2832 | D:4      | Noticed a cacodemon
  2833 | D:4      | Found a glowing silver altar of Zin.
  2834 | D:4      | Noticed an angel
  2917 | D:4      | Reached XP level 7. HP: 44/49 MP: 0/0
  2917 | D:4      | Learned a level 3 spell: Frozen Ramparts
  2935 | D:4      | Became a worshipper of Makhleb the Destroyer
  3052 | D:4      | Noticed Robin
  3070 | D:4      | Killed Robin
  3312 | D:5      | Entered Level 5 of the Dungeon
  3340 | D:5      | Found a glowing drain.
  3355 | Sewer    | Entered a sewer
  3404 | Sewer    | Reached * piety under Makhleb
  3738 | Sewer    | Reached skill level 1 in Invocations
  3865 | Sewer    | Reached ** piety under Makhleb
  3867 | Sewer    | Reached XP level 8. HP: 49/56 MP: 0/0
  4297 | D:5      | Noticed Blork the orc
  4304 | D:5      | Killed Blork the orc
  4670 | D:5      | Reached skill level 5 in Spellcasting
  4946 | D:5      | Found a basalt altar of Yredelemnul.
  4946 | D:5      | Found a sparkling altar of Nemelex Xobeh.
  4948 | D:5      | Found a stormy altar of Qazlal.
  4948 | D:5      | Found a glowing golden altar of the Shining One.
  4948 | D:5      | Found a shimmering altar of Xom.
  5418 | D:6      | Reached skill level 5 in Dodging
  5556 | D:6      | Found a hide-covered altar of Uskayaw.
  5556 | D:6      | Found a basalt altar of Yredelemnul.
  5716 | D:6      | Noticed Maggie
  5727 | D:6      | Killed Maggie
  5728 | D:6      | Reached XP level 9. HP: 41/62 MP: 0/0
  5728 | D:6      | Learned a level 3 spell: Vampiric Draining
  6158 | D:6      | Found a staircase to the Ecumenical Temple.
  6167 | Temple   | Entered the Ecumenical Temple
  6439 | D:7      | Found an iron altar of Okawaru.
  6546 | D:7      | Found a transporter.
  6628 | D:7      | Reached *** piety under Makhleb
  6634 | D:7      | Reached skill level 5 in Stealth
  6735 | D:7      | Found a transporter.
  6865 | D:8      | Reached skill level 5 in Fighting
  6873 | D:8      | Reached XP level 10. HP: 44/70 MP: 0/0
  6880 | D:8      | HP: 1/70 [wight/+4 spear of freezing (3)]
  7594 | D:8      | Found a staircase to the Lair.
  8004 | D:9      | Identified the +1 robe of the Endless Expanse {Dex+4}
  8032 | D:9      | Found a glowing golden altar of the Shining One.
  8075 | D:9      | Noticed a kobold demonologist
  8086 | D:9      | Noticed a rust devil
  8087 | D:9      | Noticed a soul eater
  8087 | D:9      | Killed a kobold demonologist
  8336 | D:9      | Found a blossoming altar of Fedhas.
  8539 | D:9      | Found a snail-covered altar of Cheibriados.
  8583 | D:9      | Found a stormy altar of Qazlal.
  8629 | D:10     | Entered Level 10 of the Dungeon
  8629 | D:10     | Found a staircase to the Orcish Mines.
  8639 | D:10     | Reached **** piety under Makhleb
  8668 | D:10     | Reached XP level 11. HP: 57/78 MP: 0/0
  8668 | D:10     | Learned a level 4 spell: Summon Lightning Spire
  9018 | D:10     | Noticed Joseph
  9032 | D:10     | Killed Joseph
  9131 | D:10     | Noticed a cyclops
  9137 | D:10     | Noticed a skeletal warrior
  9138 | D:10     | Killed a cyclops
  9152 | D:10     | Killed a skeletal warrior
  9354 | D:10     | Noticed a skeletal warrior
  9358 | D:10     | Noticed a skeletal warrior
  9367 | D:10     | Killed a skeletal warrior
  9382 | D:10     | Killed a skeletal warrior
  9836 | Lair:1   | Entered Level 1 of the Lair of Beasts
  9852 | Lair:1   | Found a shimmering altar of Xom.
  9914 | Lair:1   | Reached XP level 12. HP: 54/88 MP: 0/0
 10243 | Lair:1   | Reached skill level 10 in Spellcasting
 10250 | Lair:1   | Reached skill level 10 in Dodging
 10399 | Lair:1   | Reached ***** piety under Makhleb
 11295 | Lair:2   | Found a staircase to the Snake Pit.
 11856 | Lair:3   | Noticed a six-headed hydra
 11869 | Lair:3   | HP: 3/90 [six-headed hydra (5)]
 11870 | Lair:3   | Mangled by a komodo dragon

Illustrated notes

Levels and vault maps discovered:
D:1:      lightli_arrival_farm, layout_rooms,
          nicolae_concentric_dashed_squares_wild
D:2:      layout_rooms, basic_altar, chequers_serial_rivers_small_3,
          kennysheep_cluttered_room
D:3:      layout_loops_corners, jmf_multi_god_temple2,
          mainiacjoe_overflow_surrounded_room,
          hellmonk_ecumenical_altar_zigzags, st_stairs_1
D:4:      layout_cave_pools, grunt_temple_overflow_order_and_chaos_2,
          lemuel_crystal_altar, uniq_robin
D:5:      layout_layer_cave, doesnt_xom_only_xom, portal_sewer_entry_f,
          uniq_blork_the_orc
D:6:      layout_basic, general_overflow_altar,
          mainiacjoe_overflow_divided_tiny, temple_hall, uniq_maggie
D:7:      gammafunk_cloud_chamber, layout_rooms, mainiacjoe_overflow_alcove_4
D:8:      layout_basic, grunt_lair_entry_orc_guard_hut
D:9:      layout_rooms, grunt_temple_overflow_forces_of_nature,
          nicolae_tso_carved_into_rock, lemuel_coloured_pillars_altar
D:10:     layout_rooms, minmay_orc_entry_temple_small,
          hangedman_corner_corridor, uniq_joseph
Temple:   corrupted_temple
Lair:1:   layout_cave_pods, basic_altar, lemuel_fruit_tree
Lair:2:   layout_chaotic_city, dummy_snake_entry, beast_lair_carwin_7,
          grunt_megastairs_5
Lair:3:   layout_loops_ring, swamp_mist_pool, lemuel_fruit_fields,
          grunt_megastairs_4, infiniplex_staircase_pool_2

Skill      XL: |  1  2  3  4  5  6  7  8  9 10 11 12 |
---------------+-------------------------------------+-----
Stealth        | 2 3 4 5 |  5.0
Fighting       | 1 2 3 4 5 6 8 9 |  9.6
Spellcasting   | 3 4 5 6 8 9 10 | 10.9
Dodging        | 3 4 5 6 8 9 10 | 10.8
Invocations    | 1 3 4 |  4.0

Action                     |  1- 3 |  4- 6 |  7- 9 | 10-12 || total
---------------------------+-------+-------+-------+-------++-------
  Melee: Dagger            |       |     3 |     1 |     9 ||    13
   Cast: Foxfire           |     9 |       |       |       ||     9
         Scorch            |    34 |    63 |   181 |   166 ||   444
         Frozen Ramparts   |       |       |     6 |     4 ||    10
         Flame Wave        |       |       |     4 |    37 ||    41
         Kindle Blastspark |       |       |     1 |       ||     1
         Inner Flame       |       |       |     1 |       ||     1
         Summon Lightning  |       |       |       |     4 ||     4
         Momentum Strike   |       |       |       |     1 ||     1
    Use: Scroll            |       |       |     6 |    10 ||    16
         Potion            |       |       |       |     2 ||     2
 Armour: Robe              |     3 |     2 |    11 |       ||    16
         Steam dragon scal |       |       |     7 |    40 ||    47
  Dodge: Dodged            |    10 |    21 |   100 |   197 ||   328

Table legend: (Time is in decaauts)
 A = Elapsed time spent in this place.
 B = Non-inter-level travel time spent in this place.
 C = Inter-level travel time spent in this place.
 D = Time resting spent in this place.
 E = Time spent auto-exploring this place.
 F = Levels seen in this place.
 G = Mean time per level.
                   A        B        C        D        E       F      G
               +--------+--------+--------+--------+--------+-----+--------+
         Total |  11872 |  11484 |    388 |    355 |   9588 |  15 |  791.5 |
       Dungeon |   9233 |   8889 |    344 |    355 |   7383 |  10 |  923.3 |
        Temple |     43 |     31 |     12 |      0 |     23 |   1 |   43.0 |
          Lair |   2038 |   2006 |     32 |      0 |   1743 |   3 |  679.3 |
         Sewer |    556 |    556 |      0 |      0 |    439 |   1 |  556.0 |
               +--------+--------+--------+--------+--------+-----+--------+

Top non-repeatable levels by time:
     D:5: 1501 daAuts
     D:8: 1164 daAuts
     D:3: 1119 daAuts
    D:10: 1060 daAuts
  Lair:1: 1024 daAuts
  Lair:2: 931 daAuts
     D:6: 849 daAuts
     D:4: 772 daAuts
     D:1: 771 daAuts
     D:9: 765 daAuts
     D:2: 646 daAuts
     D:7: 582 daAuts
   Sewer: 556 daAuts
  Lair:3: 82 daAuts
  Temple: 43 daAuts
